 Dungeon Crawl Stone Soup version 0.31-a0-177-g4aa6249778 (webtiles) character file.

Game seed: 685482647302927682

71 qw the Shooter (level 4, -7/40 HPs)
             Began as a Naga Hunter on June 18, 2023.
             Mangled by an orc
             ... wielding a +1 vampiric morningstar
              (10 damage)
             ... on level 3 of the Dungeon.
             The game lasted 00:00:34 (1907 turns).

qw the Shooter (Naga Hunter)                        Turns: 1907, Time: 00:00:35

Health: -7/40      AC:  2    Str: 13    XL:     4   Next: 24%
Magic:  4/4        EV:  9    Int: 10    God:
Gold:   23         SH:  0    Dex: 16    Spells: 3/3 levels left

rFire   . . .        Y - +0 shortbow
rCold   . . .        (shield currently unavailable)
rNeg    . . .        c - +0 leather armour
rPois   +            (no helmet)
rElec   .            (no cloak)
rCorr   .            (no gloves)
SInv    +            (no barding)
Will    .....        (no amulet)
Stlth   ++           (no ring)
HPRegen 0.26/turn    (no ring)
MPRegen 0.09/turn

%: no passive effects
@: about to teleport, very slow
A: AC +1, large, see invisible, deformed body, poison resistance, slowness 2,
spit poison 1, naga tail 1
a: Spit Poison


You were on level 3 of the Dungeon.
You visited 1 branch of the dungeon, and saw 3 of its levels.

You collected 135 gold pieces.
You spent 112 gold pieces at shops.


Innate Abilities, Weirdness & Mutations

Your serpentine skin is tough. (AC +1)
You have supernaturally acute eyesight. (SInv)
Armour fits poorly on your strangely shaped body.
Your system is resistant to poisons. (rPois)
You cover ground very slowly.
You can spit poison.
You have a snake-like lower body.


   Skills:
 + Level 2.4 Fighting
 - Level 5.0 Ranged Weapons
 - Level 1.5 Dodging
 - Level 1.5 Stealth


You had 3 spell levels left.
You didn't know any spells.
Your spell library was empty.

Inventory:

Hand Weapons
 Y - a +0 shortbow (weapon)
Armour
 c - a +0 leather armour (worn)
Jewellery
 d - a ring of protection from cold
Scrolls
 b - 2 scrolls of teleportation
 h - a scroll of identify
Potions
 a - 2 potions of curing
 e - a potion of resistance {unknown}
 f - a potion of haste {unknown}
 g - a potion of attraction {unknown}
 j - a potion of berserk rage {unknown}

Dungeon Overview and Level Annotations

Branches:
Dungeon (3/15)

Altars:

Shops:
D:3 ?


Message History

You shoot an arrow. The arrow hits the orc wizard.
The orc wizard is almost dead.
You have got your breath back.
The orc hits you with a +0 dagger.
1902 ||| INVOKING Spit Poison.
Aiming: Spit Poison (1% risk of failure)
Press: ? - help, Shift-Dir - straight line, f - orc, p - orc wizard The splash of poison hits the orc.
The orc is poisoned.
The orc is moderately wounded.
The orc hits you with a +0 dagger.
The orc wizard casts a spell.
The orc wizard flickers and vanishes for a moment.
You shoot an arrow. The arrow hits the orc.
The orc is severely wounded.
The orc hits you with a +1 vampiric morningstar.
The orc hits you but does no damage.
You shoot an arrow. The arrow closely misses the orc.
The orc hits you with a +1 vampiric morningstar.
The orc draws strength from your wounds!
You shoot an arrow. The arrow barely misses the orc wizard.
The orc hits you with a +1 vampiric morningstar.
The orc draws strength from your wounds!
The orc hits you but does no damage.
You shoot an arrow.
The arrow closely misses the orc wizard.
The arrow barely misses the orc.
You have got your breath back.
The orc hits you with a +1 vampiric morningstar!
The orc draws strength from your wounds!
The orc hits you with a +0 short sword.
The orc wizard hits you with a +0 dagger.
The orc hits you with a +1 vampiric morningstar.
The orc closely misses you.
The orc wizard hits you with a +0 dagger.
1907 ||| READING 3 scrolls of teleportation.
As you read the scroll of teleportation, it crumbles to dust.
You feel strangely unstable. The orc hits you with a +0 short sword.
The orc hits you with a +1 vampiric morningstar!
You die...

#.# #.. # #.# .###
##. # #.###....
#..##.#........
......#o.......
..#...ooo......
#_#..#@#
..#...#.#######.#.
.................#
.#..#.#.#######...
..................
..................
..................
.........[........
..................


You could see an orc wizard (invisible) and 3 orcs.

Vanquished Creatures
  2 adders (D:2)
  2 worms
  2 dart slugs (D:1)
  3 bats
  4 endoplasms
  3 giant cockroaches
  7 hobgoblins
  4 kobolds
  3 quokkas
  A ball python (D:1)
  3 frilled lizards
  2 goblins (D:2)
  4 rats
40 creatures vanquished.

Notes
Turn   | Place    | Note
-------+----------+-------------------------------------------
     0 | D:1      | qw the Naga Hunter began the quest for the Orb.
     0 | D:1      | Reached XP level 1. HP: 19/19 MP: 1/1
     0 | D:1      | 0 ||| qw: Version: 0.3-a-5-g6f28e65
     0 | D:1      | 0 ||| qw: Game counter: 700
     0 | D:1      | 0 ||| qw: Always use a shield: true
     0 | D:1      | 0 ||| qw: God list: Okawaru
     0 | D:1      | 0 ||| qw: Allow faded altars: false
     0 | D:1      | 0 ||| qw: Do Orc after D:15 true
     0 | D:1      | 0 ||| qw: Do second Lair branch before Depths: true
     0 | D:1      | 0 ||| qw: Lair rune preference: random
     0 | D:1      | 0 ||| qw: Plans: Normal
     0 | D:1      | 0 ||| PLANNING D:1-11
    79 | D:1      | 79 ||| INVOKING Spit Poison.
   167 | D:1      | 167 ||| INVOKING Spit Poison.
   169 | D:1      | Reached skill level 4 in Ranged Weapons
   169 | D:1      | Reached XP level 2. HP: 26/26 MP: 2/2
   218 | D:1      | 218 ||| INVOKING Spit Poison.
   297 | D:1      | 297 ||| INVOKING Spit Poison.
   303 | D:1      | 303 ||| INVOKING Spit Poison.
   340 | D:1      | 340 ||| INVOKING Spit Poison.
   395 | D:1      | 395 ||| INVOKING Spit Poison.
   401 | D:1      | 401 ||| INVOKING Spit Poison.
   415 | D:1      | 415 ||| INVOKING Spit Poison.
   715 | D:1      | 715 ||| INVOKING Spit Poison.
   763 | D:1      | 763 ||| INVOKING Spit Poison.
   905 | D:1      | 905 ||| READING scroll labelled INKOISTR TOYC.
   908 | D:1      | 908 ||| READING scroll labelled ECEXKO KULAU.
   909 | D:1      | 909 ||| READING scroll labelled XALECL FEYLICONN.
   910 | D:1      | 910 ||| DROPPING scroll of butterflies.
   947 | D:2      | 947 ||| INVOKING Spit Poison.
   950 | D:2      | 950 ||| STAIRDANCE
   953 | D:1      | 953 ||| INVOKING Spit Poison.
   954 | D:1      | Reached XP level 3. HP: 19/32 MP: 3/3
  1044 | D:2      | 1044 ||| INVOKING Spit Poison.
  1068 | D:2      | 1068 ||| INVOKING Spit Poison.
  1095 | D:2      | 1095 ||| INVOKING Spit Poison.
  1233 | D:2      | 1233 ||| INVOKING Spit Poison.
  1236 | D:2      | 1236 ||| INVOKING Spit Poison.
  1271 | D:2      | 1271 ||| INVOKING Spit Poison.
  1284 | D:2      | 1284 ||| INVOKING Spit Poison.
  1309 | D:2      | 1309 ||| INVOKING Spit Poison.
  1347 | D:2      | 1347 ||| INVOKING Spit Poison.
  1431 | D:2      | 1431 ||| INVOKING Spit Poison.
  1448 | D:2      | 1448 ||| INVOKING Spit Poison.
  1488 | D:2      | 1488 ||| INVOKING Spit Poison.
  1489 | D:2      | Reached skill level 5 in Ranged Weapons
  1651 | D:2      | 1651 ||| INVOKING Spit Poison.
  1652 | D:2      | Reached XP level 4. HP: 39/39 MP: 4/4
  1659 | D:2      | 1659 ||| INVOKING Spit Poison.
  1682 | D:2      | 1682 ||| INVOKING Spit Poison.
  1683 | D:2      | 1683 ||| INVOKING Spit Poison.
  1750 | D:2      | 1750 ||| DRINKING 2 cyan potions.
  1751 | D:2      | 1751 ||| DRINKING 2 yellow potions.
  1752 | D:2      | 1752 ||| DROPPING potion of brilliance.
  1777 | D:3      | 1777 ||| INVOKING Spit Poison.
  1825 | D:3      | Found Dufer's Magic Scroll Shoppe.
  1829 | D:3      | 1829 ||| BUYING 2 scrolls of teleportation (84 gold).
  1829 | D:3      | Bought 2 scrolls of teleportation for 84 gold pieces
  1829 | D:3      | 1829 ||| SHOPLISTING scroll of enchant armour (105 gold,
                  | have 38).
  1829 | D:3      | 1829 ||| SHOPLISTING scroll of enchant weapon (105 gold,
                  | have 38).
  1829 | D:3      | 1829 ||| BUYING scroll of identify (28 gold).
  1829 | D:3      | Bought a scroll of identify for 28 gold pieces
  1829 | D:3      | 1829 ||| SHOPLISTING scroll of identify (28 gold, have 10).
  1831 | D:3      | 1831 ||| INVOKING Spit Poison.
  1835 | D:3      | 1835 ||| INVOKING Spit Poison.
  1875 | D:3      | 1875 ||| INVOKING Spit Poison.
  1890 | D:3      | Found a faded altar of an unknown god.
  1898 | D:3      | 1898 ||| INVOKING Spit Poison.
  1902 | D:3      | 1902 ||| INVOKING Spit Poison.
  1906 | D:3      | HP: 8/40 [orc/+1 vampiric morningstar (6)]
  1907 | D:3      | 1907 ||| READING 3 scrolls of teleportation.
  1907 | D:3      | HP: 3/40 [orc/+0 short sword (2)]
  1907 | D:3      | Mangled by an orc

Levels and vault maps discovered:
D:1:      shiori_arrival_elements, layout_loops_corners, hex_tiny
D:2:      layout_loops_ring, serial_aquarium, aquarium_bridge_square
          [aquarium_subvault_bridge, aquarium_subvault_bridge,
          aquarium_subvault_bridge, aquarium_subvault_wall], aquarium_window_1,
          aquarium_window_fake, aquarium_window_corner, aquarium_window_1,
          aquarium_view_4, aquarium_view_2d, aquarium_balcony_5b
D:3:      layout_basic, serial_shops, shop, chequers_ecumenical_altar_simple,
          nrook_campfire

Skill      XL: |  1  2  3 |
---------------+----------+-----
Ranged Weapons | 4 5 |  5.0
Fighting       | |  2.4
Dodging        | |  1.5
Stealth        | |  1.5

Action                     |  1- 3 |  4- 6 || total
---------------------------+-------+-------++-------
   Fire: Shortbow          |    62 |    18 ||    80
Ability: Spit Poison       |    26 |     8 ||    34
    Use: Scroll            |     3 |     1 ||     4
         Potion            |       |     2 ||     2
 Armour: Leather armour    |     6 |     2 ||     8
  Dodge: Dodged            |     9 |     1 ||    10

Table legend:
 A = Non-vault XP
 B = Vault XP
 C = Vault XP percentage of total XP
 D = Non-vault monster count
 E = Vault monster count
 F = Vault count percentage of total count
                 A         B        C        D         E       F
            +---------+---------+-------+---------+---------+-------
      Total |     102 |       0 |   0.0 |      40 |       0 |   0.0
            +---------+---------+-------+---------+---------+-------
        D:1 |      35 |       0 |   0.0 |      16 |       0 |   0.0
        D:2 |      50 |       0 |   0.0 |      17 |       0 |   0.0
        D:3 |      17 |       0 |   0.0 |       7 |       0 |   0.0
            +---------+---------+-------+---------+---------+-------
